 Dungeon Crawl Stone Soup version 0.28.0-47-ge53b351184 (webtiles) character file.

Game seed: 6172626455939142030

34 Cruo the Skirmisher (level 3, -4/33 HPs)
             Began as a Minotaur Chaos Knight on May 3, 2022.
             Was a Plaything of Xom.
             Slain by a worm (6 damage)
             ... on level 2 of the Dungeon.
             The game lasted 00:03:33 (1150 turns).

Cruo the Skirmisher (Minotaur Chaos Knight)         Turns: 1150, Time: 00:03:34

Health: -4/33      AC:  6    Str: 18    XL:     3   Next: 14%
Magic:  2/2        EV: 11    Int:  9    God:    Xom [..*...]
Gold:   14         SH:  0    Dex:  9    Spells: 2/2 levels left

rFire   + . .      SeeInvis .   a - +0 hand axe (chaos)
rCold   x . .      Faith    .   (no shield)
rNeg    . . .      Spirit   .   b - +2 leather armour
rPois   .          Reflect  .   (helmet restricted)
rElec   .          Harm     .   (no cloak)
rCorr   .          Rampage  .   (no gloves)
Will    .....                   e - +0 pair of boots
Stlth   +.........              (no amulet)
HPRegen 0.11/turn               c - ring of fire
MPRegen 0.08/turn               (no ring)

@: no status effects
A: horns 2, retaliatory headbutt
a: Renounce Religion


You were on level 2 of the Dungeon.
You worshipped Xom.
You were a toy of Xom.
You visited 1 branch of the dungeon, and saw 2 of its levels.

You collected 14 gold pieces.

Inventory:

Hand Weapons
 a - a +0 hand axe of chaos (weapon)
Armour
 b - a +2 leather armour (worn)
 e - a +0 pair of boots (worn)
Jewellery
 c - a ring of fire (left hand)
Scrolls
 g - a scroll of acquirement {unknown}
 h - a scroll of noise {unknown}
 j - a scroll of identify {unknown}
 k - a scroll of torment {unknown}
Potions
 d - a potion of degeneration {unknown}
 f - a potion of lignification {unknown}
 i - a potion of heal wounds {unknown}


   Skills:
 + Level 4.2 Fighting
 + Level 4.1 Axes
 + Level 2.9 Armour
 + Level 1.1 Dodging
 + Level 0.7 Stealth


You had 2 spell levels left.
You didn't know any spells.
Your spell library contained the following spells:

 Spells                   Type           Power      Damage    Failure   Level
 Slow                     Hex            0%         N/A       43%         1
 Ensorcelled Hibernation  Hex/Ice        0%         N/A       58%         2
 Passwall                 Tmut/Erth      0%         N/A       58%         2
 Confusing Touch          Hex            0%         N/A       82%         3
 Swiftness                Air            0%         N/A       82%         3
 Vampiric Draining        Necr           0%         2d6       82%         3


Dungeon Overview and Level Annotations

Branches:
Dungeon (2/15)

Altars:


Innate Abilities, Weirdness & Mutations

You have a pair of horns on your head.
You reflexively headbutt those who attack you in melee.


Message History

You continue taking off your +0 ring mail. x4
You finish taking off your +0 ring mail.
You start putting on your armour.
You continue putting on your +2 leather armour. x5
You finish putting on your +2 leather armour.
You drop a +0 ring mail.
There is an open door here.
An adder comes into view.
The adder hisses angrily.
You hit the adder but do no damage. Lightning courses through the adder!
You kill the adder!
You have reached level 3!
Your experience leads to an increase in your attributes!
Increase (S)trength, (I)ntelligence, or (D)exterity?
You feel stronger. x2
You see here an adder corpse.
A worm comes into view.
Found a leather armour.
A hobgoblin comes into view.
Found a scroll labelled JOYPIUD IMOLI.
The hobgoblin shouts!
You hit the worm.
The worm seems to grow stronger.
The worm is moderately wounded.
You hit the worm.
The worm flickers and vanishes!
Deactivating autopickup; reactivate with Ctrl-A.
Your headbutt misses something. Something bites you!
You closely miss something. Your headbutt misses something.
You hit the hobgoblin. You freeze the hobgoblin. The hobgoblin misses you.
You hit something. You hit the hobgoblin but do no damage.
Something bites you but does no damage. The hobgoblin closely misses you.
You closely miss something. You hit the hobgoblin.
You feel better.
You kill the hobgoblin!
Something bites you!
You closely miss something. You closely miss something.
Your headbutt misses something. Something bites you.
You barely miss something. You headbutt something. Something bites you!
* * * LOW HITPOINT WARNING * * *
You closely miss something. Something bites you.
You die...

#.# #####.## #.. #.......
..# # ## ##### #.#####†
#.###.#.####...####.#####.
#.#....................##.
.........#...####.##.##.
.....##..##### #.##.##.
#.. #..# #....... # #@.#
####.### #{.# #..... ...[.
#..### ........ #..#
#.#.#...?.# #...
..#.......# #.##
.#.###.....# #. ... .....#
#.


There were no monsters in sight!

Vanquished Creatures
  An adder (D:2)
  An ufetubus (D:2)
  2 endoplasms (D:1)
  2 giant cockroaches (D:1)
  5 goblins (D:1)
  2 hobgoblins
  2 ball pythons (D:1)
  A bat (D:1)
  3 rats
19 creatures vanquished.

Vanquished Creatures (others)
  5 toadstools (D:1)
5 creatures vanquished.

Grand Total: 24 creatures vanquished

Notes
Turn   | Place    | Note
-------+----------+-------------------------------------------
     0 | D:1      | Cruo the Minotaur Chaos Knight began the quest for the Orb.
     0 | D:1      | Reached XP level 1. HP: 19/19 MP: 0/0
   474 | D:1      | Reached XP level 2. HP: 27/27 MP: 1/1
   863 | D:2      | XOM: smoke on damage
   929 | D:1      | XOM: divination: detect creatures
  1113 | D:2      | Reached XP level 3. HP: 33/33 MP: 2/2
  1150 | D:2      | Slain by a worm

Illustrated notes

Levels and vault maps discovered:
D:1:      ldierk_walled_garden, layout_basic, minmay_pentomino_o4
D:2:      layout_loops_cross, ebering_ecumenical_altar_sacrificial,
          hangedman_abyss_or_decor_stabs, grunt_decor_clamped

Skill      XL: |  1  2 |
---------------+-------+-----
Fighting       | 4 |  4.2
Axes           | 4 |  4.1
Armour         | |  2.9
Dodging        | |  1.1
Stealth        | |  0.7

Action                   || total
-------------------------++-------
Melee: Hand axe          ||    47
       Headbutt          ||     3
Armor: Leather armour    ||    16
Dodge: Dodged            ||    22
